 Dungeon Crawl Stone Soup version 0.22-a0-617-g6d95e9e (webtiles) character file.

72 Hebeh the Firebug (level 4, 0/24 HPs)
             Began as a Deep Elf Fire Elementalist on July 12, 2018.
             Slain by an ice beast (12 damage)
             ... on level 2 of the Dungeon.
             The game lasted 00:05:42 (1543 turns).

Hebeh the Firebug (Deep Elf Fire Elementalist)      Turns: 1543, Time: 00:05:43

Health: 0/24       AC:  2    Str:  6    XL:     4   Next: 7%
Magic:  7/11       EV: 13    Int: 20    God:
Gold:   166        SH:  0    Dex: 15    Spells: 9/10 levels left

rFire    . . .     SeeInvis .   b - +0 hunting sling
rCold    . . .     Gourm    .   (no shield)
rNeg     . . .     Faith    .   f - +0 robe
rPois    .         Spirit   .   (no helmet)
rElec    .         Reflect  .   (no cloak)
rCorr    .         Harm     .   (no gloves)
MR       .....                  (no boots)
Stlth    ++........             (no amulet)
HPRegen  0.08/turn              (no ring)
MPRegen  0.12/turn              (no ring)

@: very slightly contaminated
A: no striking features
a: no special abilities


You were on level 2 of the Dungeon.
You were not hungry.

You visited 1 branch of the dungeon, and saw 2 of its levels.

You collected 166 gold pieces.

Inventory:

Hand Weapons
 a - a +4 dagger of protection
 b - a +0 hunting sling (weapon)
 l - a +0 spear
 o - a +0 club
Missiles
 h - 6 sling bullets (quivered)
 i - 15 stones
 p - a throwing net
Armour
 f - a +0 robe (worn)
Scrolls
 e - 2 scrolls of remove curse {unknown}
 g - 4 scrolls of identify {unknown}
 k - a scroll of amnesia {unknown}
 m - a scroll of magic mapping {unknown}
Potions
 d - a potion of degeneration {unknown}
 j - a potion of curing {unknown}
Comestibles
 c - 3 rations


   Skills:
 - Level 2.4 Dodging
 - Level 2.4 Stealth
 + Level 3.9 Spellcasting
 * Level 3.1 Conjurations
 + Level 3.9 Fire Magic


You had 9 spell levels left.
You knew the following spells:

 Your Spells              Type           Power        Failure   Level  Hunger
a - Flame Tongue          Conj/Fire      ###..        3%          1    None

Your spell library contained the following spells:

 Spells                   Type           Power        Failure   Level  Hunger
 Fireball                 Conj/Fire      ###.......   63%         5    ######.
 Conjure Flame            Conj/Fire      ###.....     9%          3    ###....
 Throw Flame              Conj/Fire      ###...       4%          2    ##.....
 Sticky Flame             Conj/Fire      ###.....     30%         4    ####...
 Inner Flame              Hex/Fire       ##......     17%         3    ###....


Dungeon Overview and Level Annotations

Branches:
Dungeon (2/15)

Altars:


Message History

The flame tongue hits the ice beast.
The ice beast appears unharmed.
The ice beast is lightly wounded.
Casting: Flame Tongue (safe; 3% risk of failure)
Confirm with . or Enter, or press ? or * to list all spells.
Aiming: Flame Tongue (safe; 3% risk of failure)
Press: ? - help, Shift-Dir - straight line, f/p - ice beast
Aim: an ice beast (lightly wounded)
You miscast Flame Tongue.
You are very lightly contaminated with residual magic.
Nothing appears to happen.
The ice beast hits you. The ice beast freezes you!
Casting: Flame Tongue (safe; 3% risk of failure)
Confirm with . or Enter, or press ? or * to list all spells.
Aiming: Flame Tongue (safe; 3% risk of failure)
Press: ? - help, Shift-Dir - straight line, f/p - ice beast
Aim: an ice beast (lightly wounded)
The flame tongue hits the ice beast.
The ice beast melts!
The ice beast is heavily wounded.
The ice beast hits you. The ice beast freezes you!
Ouch! That really hurt!
You die...

########)...............#.....
##......).......#........#.....
.##..........#....###............
.#................#......#.#.....
.#⌠.....................##+#.....
.#....).................# ......
##............#+#......# ....#..
##...........#........#
########....#@.........
.......Y..........
###...#......#....
#...#.###....#.. #.. .(# ....#
#.##..# ....+ .. #.(. ..## ..
...(


You could see an ice beast.

Vanquished Creatures
  An orc priest (D:2)
  An adder (D:2)
  A leopard gecko (D:2)
  5 orcs (D:2)
  A ball python (D:1)
  A bat (D:2)
  A giant cockroach (D:2)
  4 goblins
  A hobgoblin (D:1)
  4 jackals (D:2)
  3 kobolds
  A frilled lizard (D:2)
24 creatures vanquished.

Notes
Turn   | Place    | Note
-------+----------+-------------------------------------------
     0 | D:1      | Hebeh the Deep Elf Fire Elementalist began the quest for the Orb.
     0 | D:1      | Reached XP level 1. HP: 10/10 MP: 6/6
   720 | D:1      | Reached XP level 2. HP: 15/15 MP: 8/8
  1234 | D:2      | Reached XP level 3. HP: 19/19 MP: 5/10
  1309 | D:2      | Reached XP level 4. HP: 10/24 MP: 1/11
  1536 | D:2      | Noticed an ice beast
  1543 | D:2      | Slain by an ice beast

Vault maps used:
D:1:      scummos_arrival_simple_crosswalls, palyth_stone_intersect
D:2:      cheibrodos_pilgrimage

Skill      XL: |  1  2  3 |
---------------+----------+-----
Conjurations   | 2 3 |  3.1
Dodging        | |  2.4
Stealth        | |  2.4
Spellcasting   | |  3.9
Fire Magic     | |  3.9

Action                   |  1- 3 |  4- 6 || total
-------------------------+-------+-------++-------
Melee: Dagger            |     3 |     2 ||     5
 Fire: Hunting sling     |    21 |     5 ||    26
Throw: Stone             |       |     2 ||     2
 Cast: Flame Tongue      |    34 |     9 ||    43
  Eat: Chunk             |     1 |     1 ||     2
Armor: Robe              |     2 |       ||     2
Dodge: Dodged            |    12 |     6 ||    18

Table legend:
 A = Spawn XP
 B = Non-spawn XP
 C = Spawn XP percentage of total XP
 D = Spawn monster count
 E = Non-spawn monster count
 F = Spawn count percentage of total count
 G = Total turns spent on level
                    A         B        C        D         E        F      G
               +---------+---------+-------+---------+---------+-------+---------
         Total |       0 |     104 |   0.0 |       0 |      24 |   0.0 |  1543
               +---------+---------+-------+---------+---------+-------+---------
           D:1 |       0 |      12 |   0.0 |       0 |       6 |   0.0 |  1038
           D:2 |       0 |      92 |   0.0 |       0 |      18 |   0.0 |   505
               +---------+---------+-------+---------+---------+-------+---------
